 Dungeon Crawl Stone Soup version 0.21.1-1-g345015f (webtiles) character file.

3 Iko the Ruffian (level 1, 0/19 HPs)
             Began as a Naga Transmuter on May 4, 2018.
             Slain by a worker ant (1 damage)
             ... on level 2 of the Dungeon.
             The game lasted 00:01:57 (57 turns).

Iko the Ruffian (Naga Transmuter)                     Turns: 57, Time: 00:01:57

Health: 0/19       AC:  1    Str: 12    XL:     1   Next: 50%
Magic:  2/3        EV: 10    Int: 13    God:
Gold:   0          SH:  0    Dex: 11    Spells: 3/4 levels left

rFire    . . .     SeeInvis +   a - +0 hand axe
rCold    . . .     Gourm    .   (no shield)
rNeg     . . .     Faith    .   b - +0 robe
rPois    +         Spirit   .   (no helmet)
rElec    .         Reflect  .   (no cloak)
rCorr    .         Harm     .   (no gloves)
MR       .....                  (no barding)
Stlth    +.........             (no amulet)
HPRegen  0.06/turn              (no ring)
MPRegen  0.08/turn              (no ring)

@: appendage (expiring), very slow
A: large, horns 2, stinger 1, see invisible, deformed body, poison resistance,
robust 1, slowness 2, slow metabolism 1, spit poison 1, MP-powered wands, sturdy
frame 1, AC +0
a: Spit Poison, End Transformation


You were on level 2 of the Dungeon.
You were not hungry.
You had grown temporary horns.
You visited 1 branch of the dungeon, and saw 2 of its levels.

Inventory:

Hand Weapons
 a - a +0 hand axe (weapon)
Armour
 b - a +0 robe (worn)
Books
 c - a book of Changes

   Spells                             Type                      Level
   a - Beastly Appendage              Transmutation                1
   b - Sticks to Snakes               Transmutation                2
   c - Spider Form                    Transmutation/Poison         3
   d - Ice Form                       Ice/Transmutation            4
   e - Blade Hands                    Transmutation                5
Comestibles
 d - a ration


   Skills:
 + Level 1.0 Fighting
 + Level 1.7 Dodging
 + Level 3.1 Unarmed Combat
 + Level 2.0 Spellcasting
 + Level 2.0 Transmutations


You had 3 spell levels left.
You knew the following spells:

 Your Spells              Type           Power        Failure   Level  Hunger
a - Beastly Appendage     Tmut           #.....       11%         1    ##.....


Dungeon Overview and Level Annotations

Branches:
Dungeon (2/15)

Altars:


Innate Abilities, Weirdness & Mutations

You cannot wear boots.
Your serpentine skin is tough. (AC +0)
You have supernaturally acute eyesight. (SInv)
Armour fits poorly on your strangely shaped body.
Your system is resistant to poisons. (rPois)
You cover ground very slowly.
You have a slow metabolism.
You can spit poison.
You have a pair of horns on your head.
Your tail ends in a poisonous barb.
You are robust. (+10% HP)
You expend magic power (3 MP) to strengthen your wands.
Your movements are slightly less encumbered by armour. (ER -2)


Message History

You feel less encumbered by your armour.
You feel your magical essence link to your wands.
A poisonous barb forms on the end of your tail.
You feel robust. The worker ant closely misses you. The worker ant bites you.
You closely miss the worker ant. The worker ant misses you.
You hit the worker ant.
Your tail-slap misses the worker ant.
The worker ant is moderately wounded.
The worker ant bites you!
* * * LOW HITPOINT WARNING * * *
The worker ant barely misses you.
Okay, then.
Casting: Beastly Appendage
Confirm with . or Enter, or press ? or * to list all spells.
You grow a pair of large bovine horns.
The worker ant closely misses you.
You barely miss the worker ant.
The worker ant is moderately wounded.
Your transformation is almost over.
The worker ant bites you.
You die...

### ?.#
#####.#
....$#
#####...#
......[a#
######.@#
$.......#
######..#
#(.# #.)#
#..#
#..#+#####
#........#
#.<......#


You could see a worker ant.

Vanquished Creatures
  A leopard gecko (D:1)
  A hobgoblin (D:1)
2 creatures vanquished.

Notes
Turn   | Place    | Note
-------+----------+-------------------------------------------
     0 | D:1      | Iko the Naga Transmuter began the quest for the Orb.
     0 | D:1      | Reached XP level 1. HP: 18/18 MP: 3/3
    50 | D:2      | Noticed a worker ant
    51 | D:2      | Gained mutation: Your movements are slightly less encumbered by armour. (ER -2) [potion of mutation]
    51 | D:2      | Gained mutation: You expend magic power (3 MP) to strengthen your wands. [potion of mutation]
    51 | D:2      | Gained mutation: Your tail ends in a poisonous barb. [potion of mutation]
    51 | D:2      | Gained mutation: You are robust. (+10% HP) [potion of mutation]
    57 | D:2      | Slain by a worker ant

Action                   || total
-------------------------++-------
Melee: Hand axe          ||    10
 Cast: Beastly Appendage ||     1
 Abil: Spit Poison       ||     1
  Use: Potion            ||     1
Dodge: Dodged            ||    10
